nasbkdsdb, neutral female scurrid Tourist }}}}}}}}}}}}}}}}}}}}} }}}}}}}}}} }}}}}}}}}}}}}}}}} }}}}}}}} }}}}}}}}}}}}}. }}}}}} }} }}..}}}}..#.}}}} ..# ..# # #..}}}}}...} }.....# }}}}......# #......}}}}.)# .}}.}}}.}}...}}}}}. I> #.}}}}..^I.}}}}}}.# #..}}}}}}}}}}}}}#.`}}}}}}}..}}}}}}}}}} }}}}...}}}}}}}}}}}}}} }}}}# ?}}}}}}}}}}}}}}}.# .......}}}}}}..}}}}}}}}}.}}}}}}} }}}}} }}}}}}}}}}}}}.}}}.} #...}} #}}}}}}}}}}}....}}}}}} }}}#}}} # }...}}}}}}}}}}}}}}...}} }..}}}}}}}}}}}.#...}}}}}} }.# .# # ..}}}}}}}}}}}}}.}}}}}} }}}}}}}....}}}}}}} .}}.}}}}}} }}} . # }}}}}.# }}}}}}}}}} }}}}}}}}}}}}. #..}}}} }}}}}}}}}..}} }}. ....} }}}}} }}}}.}..}}}}}}} #.`...} }}}}}}}}..#.}} }.# }}}}.. }}} #.}...}. #.#. }}}}.}}}}}}} ...} .. ..# }..}}} = }}}}...}}}}}} }}}} }# # } }}}}}`. }}}}}}.#..}}}}} }}}}} } }}}} }}}}}}} }.}}}}}} }}}}} } } }}}}}}} }}}}}}}}} }}}}}} nasbkdsdb the Rambler Experience level: 1 Strength: 14 Dexterity: 13 Constitution: 7 Intelligence: 11 Wisdom: 9 Charisma: 14 Health: 0(18) Energy: 2(2) Def: 0 Gold: 74 Moves: 233 Dungeon seed: CNOW4A1kWR3GlQvR Game ID: nasbkdsdb_1528522727 Your Inventory: Coins $ - 74 gold pieces Weapons a - 42 uncursed +2 darts (in quiver) Armor e - an uncursed +0 Hawaiian shirt (being worn) Comestibles b - 4 uncursed eggs c - 2 uncursed chestnuts d - 3 uncursed food rations f - an uncursed eucalyptus leaf Scrolls h - 3 uncursed scrolls of magic mapping Potions o - an uncursed potion of speed Wands l - an uncursed wand of secret door detection (0:15) Tools j - an uncursed expensive camera (0:36) k - an uncursed credit card m - an uncursed oil lamp (0:1199) Spells and supernatural/magical abilities: Name Level Category Fail Memory W - pray for help -- divine ? -- Your skills at the end: Miscellaneous Skills wands [Basic] Weapon Skills dart [Basic] Spellcasting Skills Final Attributes: You were devoutly aligned. You were blinded. Your writing paw was thoroughly cramped from overuse. You had infravision. You were very stealthy. You are dead. Vanquished creatures: an elf zombie a cave spider 2 creatures vanquished. Voluntary challenges: You went without food. You did not adorn yourself with jewelry or accessories. You did not cause conflict. You were not invisible. You did not have reflection. You were not displaced. You were an atheist. You never hit with a wielded weapon. You were a pacifist. You did not use containers. You did not apply a unicorn horn. You did not use plumbed fixtures. You read items or engraved 10 times, starting on turn 33. You never genocided any monsters. You never polymorphed an object. You never changed form. You used no wishes. You never split a pudding. You wrote Elbereth's name 9 times, starting on turn 33. You never violated your personal moral code. Dungeon overview: The Dungeons of Doom: levels 1 to 26 Level 1 a long staircase Level 2 Level 3 Level 4 a long staircase Level 5 many fountains Level 6 Level 7 Level 8 Level 9 Level 10 Level 11 Level 12 Level 13 Level 14 Level 15 Level 16 Level 17 Level 18 a fountain Level 19 Level 20 Level 21 Level 22 Level 23 Level 24 Level 25 <- You were here many trees Level 26 History has recorded: On T:1 you entered the Dungeons of Doom to retrieve the Amulet of Yendor! On T:8 you reached level 2 of The Dungeons of Doom. On T:14 you reached level 3 of The Dungeons of Doom. On T:20 you reached level 4 of The Dungeons of Doom. On T:26 you reached level 5 of The Dungeons of Doom. On T:46 you reached level 6 of The Dungeons of Doom. On T:55 you reached level 7 of The Dungeons of Doom. On T:62 you reached level 8 of The Dungeons of Doom. On T:93 you reached level 9 of The Dungeons of Doom. On T:103 you reached level 10 of The Dungeons of Doom. On T:115 you reached level 11 of The Dungeons of Doom. On T:123 you reached level 12 of The Dungeons of Doom. On T:127 you reached level 13 of The Dungeons of Doom. On T:135 you reached level 14 of The Dungeons of Doom. On T:142 you reached level 15 of The Dungeons of Doom. On T:151 you reached level 16 of The Dungeons of Doom. On T:158 you reached level 17 of The Dungeons of Doom. On T:158 you entered the Rogue tribute level. On T:164 you reached level 18 of The Dungeons of Doom. On T:170 you reached level 19 of The Dungeons of Doom. On T:176 you reached level 20 of The Dungeons of Doom. On T:183 you reached level 21 of The Dungeons of Doom. On T:189 you reached level 22 of The Dungeons of Doom. On T:195 you reached level 23 of The Dungeons of Doom. On T:201 you reached level 24 of The Dungeons of Doom. On T:207 you reached level 25 of The Dungeons of Doom. On T:219 you reached level 26 of The Dungeons of Doom. Score breakdown: Gold: 0 ( 0 points) Experience: 1 level ( 0 points) Exploration: 26 levels ( 750 points) Discoveries: 1 item ( 50 points) Variety of kills: 2 monsters ( 100 points) Major goal: (nothing yet) ( 0 points) Survival: died (score multiplied by 3) Total score: 2700 Latest messages: You have difficulty writing in your present condition. You manage to get your message written, but the effort is draining. You continue digging downward. (6x) You dig a hole through the floor. You fall through... As you pronounce the formula, the scroll disappears. A map coalesces in your mind! You can see again. You start chewing a hole in the rock. You continue digging. You continue chewing on the rock. You make an opening in the wall. You start chewing a hole in the rock. You continue digging. You continue chewing on the rock. You make an opening in the wall. You are blinded by the flash! Something punches you! (2x) You die... Final status: Aloha nasbkdsdb the Tourist, killed by Medusa... You died in The Dungeons of Doom on dungeon level 25 with 2700 points, and 74 pieces of gold, after 233 moves. You were level 1 with a maximum of 18 hit points when you died.